 Dungeon Crawl Stone Soup version 0.31-a0-925-g0a390f2509 (webtiles) character file.

Game seed: 10650992369744721123

186 kae the Vexing (level 5, -2/35 HPs)
             Began as a Demonspawn Enchanter on Oct 18, 2023.
             Slain by Terence
             ... wielding a +0 mace
              (7 damage)
             ... on level 2 of the Dungeon.
             The game lasted 00:01:14 (1026 turns).

kae the Vexing (Demonspawn Enchanter)               Turns: 1026, Time: 00:01:14

Health: -2/35      AC:  2    Str:  9    XL:     5   Next: 38%
Magic:  7/9        EV: 12    Int: 20    God:
Gold:   88         SH:  0    Dex: 13    Spells: 1/9 levels left

rFire   . . .        a - +2 dagger
rCold   . . .        (no shield)
rNeg    . . .        b - +0 robe
rPois   .            (helmet restricted)
rElec   .            (no cloak)
rCorr   .            (no gloves)
SInv    .            (no boots)
Will    .....        (no amulet)
Stlth   ++           (no ring)
HPRegen 0.25/turn    (no ring)
MPRegen 0.11/turn

%: no passive effects
@: no status effects
A: horns 1, big brain 1
a: no special abilities


You were on level 2 of the Dungeon.
You visited 1 branch of the dungeon, and saw 2 of its levels.

You collected 88 gold pieces.


Innate Abilities, Weirdness & Mutations

You have a pair of small horns on your head.
You have an unusually large brain. (Int +2)


   Skills:
 * Level 2.8 Short Blades
 - Level 1.7 Dodging
 + Level 3.4 Stealth
 + Level 2.7 Spellcasting
 * Level 4.2 Hexes
 + Level 0.0 Ice Magic


You had one spell level left.
You knew the following spells:

 Your Spells              Type           Power      Damage    Failure   Level
a - Ensorcelled Hibernat  Hex/Ice        22%        N/A       9%          2
b - Confusing Touch       Hex            19%        N/A       8%          3
c - Tukima's Dance        Hex            19%        N/A       8%          3

Your spell library contained the following spells:

 Spells                   Type           Power      Damage    Failure   Level
 Dazzling Flash           Conj/Hex       22%        N/A       19%         3

Inventory:

Hand Weapons
 a - a +2 dagger (weapon)
Missiles
 d - 6 boomerangs
 e - 12 stones
 f - 6 poisoned darts
Armour
 b - a +0 robe (worn)
Wands
 j - a wand of flame (27)
   (You took it off Sigmund on level 2 of the Dungeon)
Scrolls
 g - 2 scrolls of revelation {unknown}
 l - a scroll of fear {unknown}
Potions
 c - 4 potions of invisibility
 h - a potion of resistance {unknown}
 i - a potion of brilliance
 k - a potion of curing {unknown}

Dungeon Overview and Level Annotations

Branches:
Dungeon (2/15) Zot: 10980

Altars:

Annotations:
D:2 Terence

##...#...#####≈.≈.≈.≈.≈.§†§.≈#
##.........## #.§.§..§⌠.§.⌠...#
#........<..# #≈.§.§§§.≈§§.§§≈#
#...........# #.§§..§.§.§§..§.#
#...........# #§§≈.≈.≈.§§§.§.≈#
##.........####§§.⌠...⌠.§.§...#
..........####.§.≈.≈.≈.≈§≈.≈.≈#
#####..#####...@⌠!..⌠...⌠..§⌠.#
## #.## ..#.#@≈.≈.§.≈.≈§§.## .#
##†# #..#...######## ####..#
#....### ###†.## #.#### ##..##
... #.# ##.###.... #.# .......#
#.# ....###..# #.# ..### #.


You could see Terence.


Message History

You take 2 damage, and now have 18/35 hp.
You lost 2 mp, and now have 7/9 mp.
Casting: Ensorcelled Hibernation (safe; 9% risk of failure)
Confirm with . or Enter, or press ? or * to list all spells.
Aiming: Ensorcelled Hibernation (safe; 9% risk of failure)
Press: ? - help, Shift-Dir - straight line, f/p - worm
Aim: a worm (black smoke, lightly wounded, chance to affect: 53%)
You miscast Ensorcelled Hibernation.
Nothing appears to happen. 😮 MP[-2]
You lost 2 mp, and now have 5/9 mp.
Casting: Ensorcelled Hibernation (safe; 9% risk of failure)
Confirm with . or Enter, or press ? or * to list all spells.
Aiming: Ensorcelled Hibernation (safe; 9% risk of failure)
Press: ? - help, Shift-Dir - straight line, f/p - worm
Aim: a worm (black smoke, lightly wounded, chance to affect: 53%)
The worm resists with significant effort.
The worm bites you!
* * * LOW HITPOINT WARNING * * *
😱 HP[-10] MP[-2]
You take 10 damage, and now have 8/35 hp.
MASSIVE DAMAGE!! (PAUSE)
You lost 2 mp, and now have 3/9 mp.
Casting: Ensorcelled Hibernation (safe; 9% risk of failure)
Confirm with . or Enter, or press ? or * to list all spells.
Aiming: Ensorcelled Hibernation (safe; 9% risk of failure)
Press: ? - help, Shift-Dir - straight line, f/p - worm
Aim: a worm (black smoke, lightly wounded, chance to affect: 53%)
The worm looks drowsy... 😱 MP[-2]
You lost 2 mp, and now have 1/9 mp.
Unknown command.
The helpless worm fails to defend itself.
You impale the worm!!
You kill the worm!
Unknown command.
You start resting.
Your magical contamination has completely faded away. 😨 HP[+3] MP[+1]
You regained 3 hp, and now have 11/35 hp.
You start resting. 😮 HP[+10] MP[+5]
You regained 10 hp, and now have 21/35 hp.
You regained 5 mp, and now have 7/9 mp.
Unknown command.
You see here a worm corpse.
You now have 84 gold pieces (gained 5).
You now have 88 gold pieces (gained 4).
There is a dry fountain here.
There is a dry fountain here.
l - a scroll labelled ZEUFA NAVIM 😎 HP[+14] MP[+2]
Your hp is fully restored (35).
Your mp is fully restored (9).
Unknown command.
There is a dry fountain here.
Terence the Incautious comes into view.
He is wielding a +0 mace.
Terence shouts!
Casting: Ensorcelled Hibernation (safe; 9% risk of failure)
Confirm with . or Enter, or press ? or * to list all spells.
Aiming: Ensorcelled Hibernation (safe; 9% risk of failure)
Press: ? - help, Shift-Dir - straight line, f - Terence
Aim: Terence, wielding a +0 mace and wearing a +0 scale mail (chance to affect: 53%) Terence looks drowsy... 😎 MP[-2]
You lost 2 mp, and now have 7/9 mp.
The helpless Terence fails to defend himself.
You impale Terence!!
Terence hits you with a +0 mace! 😮 HP[-10]
You take 10 damage, and now have 25/35 hp.
MASSIVE DAMAGE!! (PAUSE)
You hit Terence but do no damage. Your headbutt misses Terence.
Terence hits you with a +0 mace!
* * * LOW HITPOINT WARNING * * *
😨 HP[-8]
You take 8 damage, and now have 17/35 hp.
MASSIVE DAMAGE!! (PAUSE)
You hit Terence but do no damage. 😮 HP[+1]
You barely miss Terence. Terence hits you with a +0 mace.
* * * LOW HITPOINT WARNING * * *
😨 HP[-2]
You take 2 damage, and now have 16/35 hp.
Unknown command.
You hit Terence but do no damage. Terence hits you with a +0 mace.
* * * LOW HITPOINT WARNING * * *
😨 HP[-4]
You take 4 damage, and now have 12/35 hp.
You hit Terence. Terence hits you with a +0 mace.
* * * LOW HITPOINT WARNING * * *
😱 HP[-4]
You take 4 damage, and now have 8/35 hp.
You hit Terence but do no damage. Terence says, "How do you enjoy it?"
Terence hits you with a +0 mace.
* * * LOW HITPOINT WARNING * * *
😱 HP[-4]
You take 4 damage, and now have 4/35 hp.
Unknown command.
You barely miss Terence. Terence hits you with a +0 mace!
You die...

Skill      XL: |  1  2 |
---------------+-------+-----
Short Blades   | 1 2 |  2.8
Stealth        | 3 |  3.4
Hexes          | 4 |  4.2
Dodging        | |  1.7
Spellcasting   | |  2.7

Action                     |  1- 3 |  4- 6 || total
---------------------------+-------+-------++-------
  Melee: Dagger            |    60 |    20 ||    80
         Punch             |     2 |       ||     2
         Headbutt          |     5 |     2 ||     7
   Cast: Ensorcelled Hiber |     4 |     3 ||     7
    Use: Scroll            |     6 |       ||     6
   Stab: Sleeping          |     4 |     2 ||     6
 Armour: Robe              |    28 |    15 ||    43
  Dodge: Dodged            |    34 |     6 ||    40

Levels and vault maps discovered:
D:1:      dreamdust_arrival_sigmund_warning, layout_rooms
D:2:      layout_rooms, kennysheep_crisscross, uniq_sigmund, uniq_robin,
          uniq_crazy_yiuf_cottage, uniq_terence

Notes
Turn   | Place    | Note
-------+----------+-------------------------------------------
     0 | D:1      | kae the Demonspawn Enchanter began the quest for the Orb.
     0 | D:1      | Reached XP level 1. HP: 13/13 MP: 3/3
     0 | D:1      | magus.rc [v1.11.3]
   132 | D:1      | Reached skill level 1 in Short Blades
   260 | D:1      | Gained mutation: You have a pair of small horns on your
                  | head. [demonic ancestry]
   260 | D:1      | Reached XP level 2. HP: 18/19 MP: 5/5
   263 | D:1      | Learned a level 2 spell: Ensorcelled Hibernation
   782 | D:2      | Noticed Sigmund
   786 | D:2      | Killed Sigmund
   787 | D:2      | Reached skill level 2 in Short Blades
   787 | D:2      | Reached skill level 3 in Stealth
   787 | D:2      | Reached skill level 4 in Hexes
   787 | D:2      | Gained mutation: You have an unusually large brain. (Int
                  | +2) [demonic ancestry]
   787 | D:2      | Reached XP level 3. HP: 14/24 MP: 4/7
   787 | D:2      | Reached XP level 4. HP: 17/30 MP: 4/8
   787 | D:2      | Reached XP level 5. HP: 20/35 MP: 4/9
   852 | D:2      | Learned a level 3 spell: Confusing Touch
   856 | D:2      | Learned a level 3 spell: Tukima's Dance
   889 | D:2      | HP: 8/35 [worm (11)]
  1014 | D:2      | Noticed Terence
  1024 | D:2      | HP: 8/35 [Terence/+0 mace (4)]
  1026 | D:2      | Slain by Terence

Vanquished Creatures
  Sigmund (D:2)
  A worm (D:2)
  2 dart slugs
  2 ball pythons (D:1)
  3 endoplasms
  A goblin (D:1)
  3 hobgoblins (D:1)
  3 jackals (D:2)
  A kobold (D:1)
  A quokka (D:1)
  2 bats (D:1)
  A frilled lizard (D:2)
  A rat (D:2)
22 creatures vanquished.

Table legend:
 A = Non-vault XP
 B = Vault XP
 C = Vault XP percentage of total XP
 D = Non-vault monster count
 E = Vault monster count
 F = Vault count percentage of total count
                 A         B        C        D         E       F
            +---------+---------+-------+---------+---------+-------
      Total |      44 |     223 |  83.5 |      21 |       1 |   4.5
            +---------+---------+-------+---------+---------+-------
        D:1 |      25 |       0 |   0.0 |      13 |       0 |   0.0
        D:2 |      19 |     223 |  92.1 |       8 |       1 |  11.1
            +---------+---------+-------+---------+---------+-------

Skill      XL: |  1  2 |
---------------+-------+-----
Short Blades   | 1 2 |  2.8
Stealth        | 3 |  3.4
Hexes          | 4 |  4.2
Dodging        | |  1.7
Spellcasting   | |  2.7

Action                     |  1- 3 |  4- 6 || total
---------------------------+-------+-------++-------
  Melee: Dagger            |    60 |    20 ||    80
         Punch             |     2 |       ||     2
         Headbutt          |     5 |     2 ||     7
   Cast: Ensorcelled Hiber |     4 |     3 ||     7
    Use: Scroll            |     6 |       ||     6
   Stab: Sleeping          |     4 |     2 ||     6
 Armour: Robe              |    28 |    15 ||    43
  Dodge: Dodged            |    34 |     6 ||    40

Illustrated notes

Table legend:
 A = Kills in this place as a percentage of kills in the entire game.
 B = Kills by you in this place as a percentage of kills by you in the entire game.
 C = Kills by friends in this place as a percentage of kills by friends in the entire game.
 D = Other kills in this place as a percentage of other kills in the entire game.
 E = Experience gained in this place as a percentage of experience gained in the entire game.
 F = Experience gained in this place divided by the number of levels of this place that you have seen.
                   A       B       C       D       E      F
               +-------+-------+-------+-------+-------+----------------------
         Total | 100.0 | 100.0 |   N/A |   N/A | 100.0 | 133.5
       Dungeon | 100.0 | 100.0 |   N/A |   N/A | 100.0 | 133.5
               +-------+-------+-------+-------+-------+----------------------

Table legend: (Time is in decaauts)
 A = Elapsed time spent in this place.
 B = Non-inter-level travel time spent in this place.
 C = Inter-level travel time spent in this place.
 D = Time resting spent in this place.
 E = Time spent auto-exploring this place.
 F = Levels seen in this place.
 G = Mean time per level.
                   A        B        C        D        E       F      G
               +--------+--------+--------+--------+--------+-----+--------+
         Total |   1018 |   1011 |      7 |     50 |    751 |   2 |  509.0 |
       Dungeon |   1018 |   1011 |      7 |     50 |    751 |   2 |  509.0 |
               +--------+--------+--------+--------+--------+-----+--------+

Top non-repeatable levels by time:
     D:1: 671 daAuts
     D:2: 347 daAuts
